 Dungeon Crawl Stone Soup version 0.21.1-1-g345015f (webtiles) character file.

28 tidbits the Grave Robber (level 3, -5/25 HPs)
             Began as a Gnoll Necromancer on June 26, 2018.
             Hit by a steel tomahawk thrown by an orc (6 damage)
             ... on level 4 of the Dungeon.
             The game lasted 00:01:50 (194 turns).

tidbits the Grave Robber (Gnoll Necromancer)         Turns: 194, Time: 00:01:50

Health: -5/25      AC:  2    Str: 10    XL:     3   Next: 12%
Magic:  3/9        EV: 14    Int: 18    God:
Gold:   33         SH:  0    Dex: 15    Spells: 7/12 levels left

rFire    . . .     SeeInvis .   (no weapon)
rCold    . . .     Gourm    .   (no shield)
rNeg     . . .     Faith    .   a - +0 robe
rPois    .         Spirit   .   (no helmet)
rElec    .         Reflect  .   (no cloak)
rCorr    .         Harm     .   (no gloves)
MR       .....                  (no boots)
Stlth    +++.......             (no amulet)
HPRegen  0.08/turn              (no ring)
MPRegen  0.11/turn              (no ring)

@: no status effects
A: distributed training, fangs 1, strong nose
a: no special abilities


You were on level 4 of the Dungeon.
You were not hungry.

You visited 1 branch of the dungeon, and saw 4 of its levels.

You collected 33 gold pieces.

Inventory:

Missiles
 f - 58 stones (quivered)
Armour
 a - a +0 robe (worn)
Scrolls
 d - a scroll of teleportation {unknown}
 e - a scroll of remove curse {unknown}
Potions
 g - 2 potions of flight
Books
 b - a book of Necromancy

   Spells                             Type                      Level
   a - Pain                           Necromancy                   1
   b - Animate Skeleton               Necromancy                   1
   c - Vampiric Draining              Necromancy                   3
   d - Regeneration                   Charms/Necromancy            3
   e - Animate Dead                   Necromancy                   4
   f - Borgnjor's Vile Clutch         Necromancy/Earth             5
Comestibles
 c - 2 rations


   Skills:
 + Level 0.6 Fighting
 + Level 0.6 Short Blades
 + Level 0.6 Long Blades
 + Level 0.6 Axes
 + Level 0.6 Maces & Flails
 + Level 0.6 Polearms
 + Level 0.6 Staves
 + Level 0.6 Slings
 + Level 0.6 Bows
 + Level 0.6 Crossbows
 + Level 0.6 Throwing
 + Level 0.6 Armour
 + Level 4.5 Dodging
 + Level 4.1 Stealth
 + Level 0.6 Shields
 + Level 0.6 Unarmed Combat
 + Level 5.0 Spellcasting
 + Level 0.4 Conjurations
 + Level 0.4 Hexes
 + Level 0.4 Charms
 + Level 0.4 Summonings
 + Level 7.1 Necromancy
 + Level 0.4 Translocations
 + Level 0.4 Transmutations
 + Level 0.4 Fire Magic
 + Level 0.4 Ice Magic
 + Level 0.4 Air Magic
 + Level 0.4 Earth Magic
 + Level 0.4 Poison Magic
 + Level 0.8 Invocations
 + Level 0.6 Evocations


You had 7 spell levels left.
You knew the following spells:

 Your Spells              Type           Power        Failure   Level  Hunger
a - Pain                  Necr           ####         1%          1    None
d - Vampiric Draining     Necr           ####......   2%          3    ##.....
n - Animate Skeleton      Necr           N/A          1%          1    None


Dungeon Overview and Level Annotations

Branches:
Dungeon (4/15)
 Temple: D:4-7

Altars:

Annotations:
D:3 Lovchig's ghost, amateur DDFi


Innate Abilities, Weirdness & Mutations

Your experience applies equally to all skills.
You have very sharp teeth.
Your uncanny sense of smell can sniff out nearby items.


Message History

The adder writhes in agony!
You kill the adder!
A frilled lizard comes into view.
The frilled lizard moves out of view.
You see here 8 gold pieces.
You now have 18 gold pieces (gained 8).
Casting: Pain
Confirm with . or Enter, or press ? or * to list all spells.
Aiming: Pain
Press: ? - help, Shift-Dir - straight line, f - frilled lizard
Aim: a frilled lizard (hasn't noticed you, chance to defeat MR: 93%)
The frilled lizard hisses angrily.
The frilled lizard writhes in agony!
You kill the frilled lizard!
A bat comes into view.
The bat moves out of view.
Found 7 gold pieces and a hand axe.
Found a stone staircase leading down.
Found a naga barding.
Unknown command.
Found a stone staircase leading down.
A rat comes into view.
Found 22 stones and a glowing yellow potion.
You see here 7 gold pieces.
Casting: Pain
Confirm with . or Enter, or press ? or * to list all spells.
Aiming: Pain
Press: ? - help, Shift-Dir - straight line, f - rat
Aim: a rat (chance to defeat MR: 93%)
The rat writhes in agony!
You kill the rat!
You have reached level 3!
Your experience leads to an increase in your attributes!
Increase (S)trength, (I)ntelligence, or (D)exterity?
You feel clever.
Memorise Vampiric Draining, consuming 3 spell levels and leaving 6?
You start memorising the spell.
You continue memorising. x3
You finish memorising.
Spell assigned to 'd'.
You're too inexperienced to learn that spell!
You now have 25 gold pieces (gained 7).
An adder and a goblin come into view.
There is a stone staircase leading down here.
The goblin shouts!
You climb downwards.
Found a chain mail, 22 stones and 11 bolts.
There is a stone staircase leading up here.
Unknown command.
You see here 22 stones.
f - 31 stones (gained 22)
Found 27 stones.
Found 8 gold pieces.
You see here 27 stones.
f - 58 stones (gained 27)
Found 2 potions of flight.
A bat comes into view.
Casting: Pain
Confirm with . or Enter, or press ? or * to list all spells.
Aiming: Pain
Press: ? - help, Shift-Dir - straight line, f - bat
Aim: a bat (chance to defeat MR: 93%)
The bat writhes in agony!
You kill the bat!
Found a stone staircase leading down.
Casting: Pain
Confirm with . or Enter, or press ? or * to list all spells.
You don't know that spell.
A quokka and an orc come into view.
The orc shouts!
Casting: Pain
Confirm with . or Enter, or press ? or * to list all spells.
Aiming: Pain
Press: ? - help, Shift-Dir - straight line, f - orc
Aim: an orc, wielding a hand axe (chance to defeat MR: 93%)
The orc writhes in agony!
You kill the orc!
Your Spellcasting skill increases to level 5!
Casting: Pain
Confirm with . or Enter, or press ? or * to list all spells.
Aiming: Pain
Press: ? - help, Shift-Dir - straight line, f - quokka
Aim: a quokka (chance to defeat MR: 93%)
The quokka writhes in agony!
You kill the quokka!
Lovchig's ghost (amateur Deep Dwarf Fighter) comes into view.
You see here 8 gold pieces.
You now have 33 gold pieces (gained 8).
You see here 2 potions of flight.
g - 2 potions of flight
There is a stone staircase leading down here.
You climb downwards. 3 orcs come into view.
Found 4 gold pieces.
There is a stone staircase leading up here.
The orc shouts!
You hear a shout!
The orc moves out of view.
You hear a shout!
The orc shouts!
The orc throws a steel tomahawk.
The steel tomahawk hits you.
* * * LOW HITPOINT WARNING * * *
The orc throws a steel tomahawk.
The steel tomahawk hits you.
You die...

# ## #. .# #..
$# #oo.###.
#...########.#
#.<..@......#
##.##########
#.# ..# ####


You could see an orc.

Vanquished Creatures
  An adder (D:2)
  A leopard gecko (D:1)
  An orc (D:3)
  A ball python (D:1)
  A goblin (D:1)
  4 hobgoblins (D:1)
  2 kobolds (D:1)
  A quokka (D:3)
  2 bats
  A frilled lizard (D:2)
  A rat (D:2)
16 creatures vanquished.

Notes
Turn   | Place    | Note
-------+----------+-------------------------------------------
     0 | D:1      | tidbits the Gnoll Necromancer began the quest for the Orb.
     0 | D:1      | Reached XP level 1. HP: 13/13 MP: 6/6
    39 | D:1      | Reached XP level 2. HP: 12/19 MP: 2/7
    43 | D:1      | Learned a level 1 spell: Animate Skeleton
   135 | D:2      | HP: 2/20 [adder (2)]
   151 | D:2      | Reached XP level 3. HP: 2/25 MP: 1/9
   156 | D:2      | Learned a level 3 spell: Vampiric Draining
   180 | D:3      | Reached skill level 5 in Spellcasting
   182 | D:3      | Noticed Lovchig's ghost (amateur DDFi)
   193 | D:4      | HP: 1/25 [orc/steel tomahawk (1)]
   194 | D:4      | Hit by a steel tomahawk thrown by an orc

Skill      XL: |  1  2  3 |
---------------+----------+-----
Spellcasting   | 5 |  5.0
Fighting       | |  0.6
Short Blades   | |  0.6
Long Blades    | |  0.6
Axes           | |  0.6
Maces & Flails | |  0.6
Polearms       | |  0.6
Staves         | |  0.6
Slings         | |  0.6
Bows           | |  0.6
Crossbows      | |  0.6
Throwing       | |  0.6
Armour         | |  0.6
Dodging        | |  4.5
Stealth        | |  4.1
Shields        | |  0.6
Unarmed Combat | |  0.6
Conjurations   | |  0.4
Hexes          | |  0.4
Charms         | |  0.4
Summonings     | |  0.4
Necromancy     | |  7.1
Translocations | |  0.4
Transmutations | |  0.4
Fire Magic     | |  0.4
Ice Magic      | |  0.4
Air Magic      | |  0.4
Earth Magic    | |  0.4
Poison Magic   | |  0.4
Invocations    | |  0.8
Evocations     | |  0.6

Action                   || total
-------------------------++-------
Melee: Unarmed           ||     5
       Bite              ||     2
 Cast: Pain              ||    22
  Use: Potion            ||     1
Dodge: Dodged            ||     5

Table legend:
 A = Turns spent in this place as a percentage of turns spent in the entire game.
 B = Non-inter-level travel turns spent in this place as a percentage of non-inter-level travel turns spent in the entire game.
 C = Inter-level travel turns spent in this place as a percentage of turns spent in this place.
 D = Turns resting spent in this place as a percentage of non-inter-level travel turns spent in this place.
 E = Turns spent auto-exploring this place as a percentage of non-inter-level travel turns spent in this place.
 F = Non-inter-level travel turns spent in this place divided by the number of levels of this place that you've seen.
                   A       B       C       D       E      F
               +-------+-------+-------+-------+-------+----------------------
         Total | 100.0 | 100.0 |   0.0 |   0.0 |   0.0 |  48.5
       Dungeon | 100.0 | 100.0 |   0.0 |   0.0 |   0.0 |  48.5
               +-------+-------+-------+-------+-------+----------------------

Table legend:
 A = Kills in this place as a percentage of kills in entire the game.
 B = Kills by you in this place as a percentage of kills by you in the entire game.
 C = Kills by friends in this place as a percentage of kills by friends in the entire game.
 D = Other kills in this place as a percentage of other kills in the entire game.
 E = Experience gained in this place as a percentage of experience gained in the entire game.
 F = Experience gained in this place divided by the number of levels of this place that you have seen.
                   A       B       C       D       E      F
               +-------+-------+-------+-------+-------+----------------------
         Total | 100.0 | 100.0 |   N/A |   N/A | 100.0 |  10.0
       Dungeon | 100.0 | 100.0 |   N/A |   N/A | 100.0 |  10.0
               +-------+-------+-------+-------+-------+----------------------

Vault maps used:
D:1:      sevenhm_arrival_forest_fort_small_6
D:3:      lemuel_old_faithful, uniq_ijyb, uniq_robin
D:4:      minmay_temple_entry_junction, grunt_decor_resistance
